 Dungeon Crawl Stone Soup version 0.26.1-11-gd32895ea62 (webtiles) character file.

Game seed: 14324442737155506577

641 Descartes the Magician (level 7, -1/36 HPs)
             Began as a Deep Elf Wanderer on May 10, 2021.
             Slain by Grinder (10 damage)
             ... on level 4 of the Dungeon.
             The game lasted 00:20:37 (6882 turns).

Descartes the Magician (Deep Elf Wanderer)          Turns: 6882, Time: 00:20:38

Health: -1/36      AC:  4    Str:  9    XL:     7   Next: 26%
Magic:  17/19      EV: 11    Int: 20    God:
Gold:   289        SH:  0    Dex: 25    Spells: 3/20 levels left

rFire    . . .     SeeInvis .   C - +8 rapier of Oggeyx {venom, Dex+6}
rCold    . . .     Faith    .   (no shield)
rNeg     . . .     Spirit   .   d - +0 robe
rPois    .         Reflect  .   (no helmet)
rElec    .         Harm     .   (no cloak)
rCorr    .         Rampage  .   (no gloves)
Will     +....                  l - +1 pair of boots
Stlth    ++........             (no amulet)
HPRegen  0.12/turn              A - +6 ring of dexterity
MPRegen  0.16/turn              n - ring of willpower

@: no status effects
A: no striking features
a: no special abilities


You were on level 4 of the Dungeon.
You visited 1 branch of the dungeon, and saw 5 of its levels.

You collected 289 gold pieces.

Inventory:

Hand Weapons
 t - a +1 dagger of speed
 C - the +8 rapier of Oggeyx (weapon) {venom, Dex+6}
   (You found it on level 5 of the Dungeon)

   It poisons the flesh of those it strikes.
   It affects your dexterity (+6).
 D - a +0 dagger of holy wrath
Missiles
 b - 4 atropa-tipped darts
 i - 3 boomerangs of dispersal (quivered)
 j - 170 stones
 m - 32 poisoned darts
 s - 38 arrows
 u - 5 boomerangs
 E - 45 sling bullets
Armour
 d - a +0 robe (worn)
 l - a +1 pair of boots (worn)
 F - a +0 kite shield
Jewellery
 g - an uncursed ring of protection from fire
 n - a ring of willpower (right hand)
 A - a +6 ring of dexterity (left hand)
Wands
 x - a wand of enslavement (9)
Scrolls
 c - 3 scrolls of teleportation
 e - a scroll of enchant weapon {unknown}
 h - 4 scrolls of amnesia
 k - a scroll of magic mapping {unknown}
 o - 2 scrolls of fog {unknown}
 q - a scroll of enchant armour {unknown}
 y - 2 scrolls of blinking {unknown}
 B - a scroll of immolation {unknown}
Potions
 a - a potion of berserk rage
 f - a potion of curing
 p - 3 potions of brilliance
 r - a potion of attraction {unknown}
 v - a potion of degeneration {unknown}
 w - 2 potions of heal wounds {unknown}
 z - 3 potions of lignification


   Skills:
 - Level 1.2 Stealth
 + Level 1.0 Shields
 - Level 7.2 Spellcasting
 + Level 2.9 Conjurations
 + Level 2.8 Translocations
 - Level 1.1 Fire Magic
 - Level 5.0 Ice Magic
 + Level 2.7 Air Magic
 + Level 4.5 Poison Magic


You had 3 spell levels left.
You knew the following spells:

 Your Spells              Type           Power        Failure   Level
a - Freeze                Ice            100%         1%          1
b - Frozen Ramparts       Ice            54%          3%          3
c - Sting                 Tmut/Pois      64%          3%          1
d - Mephitic Cloud        Conj/Pois/Air  20%          7%          3
e - Blink                 Tloc           N/A          4%          2
f - Magic Dart            Conj           72%          2%          1
g - Ozocubu's Armour      Ice            27%          3%          3
h - Ignite Poison         Fire/Tmut/Pois 14%          13%         3

Your spell library contained the following spells:

 Spells                   Type           Power        Failure   Level
 Conjure Flame            Conj/Fire      15%          12%         3
 Call Imp                 Summ           7%           14%         2
 Slow                     Hex            7%           14%         2
 Hailstorm                Conj/Ice       23%          19%         4
 Summon Ice Beast         Ice/Summ       17%          32%         4


Dungeon Overview and Level Annotations

Branches:
Dungeon (5/15)
 Temple: D:4-7

Altars:

Shops:
D:5 :

Annotations:
D:2 !!1
D:3 2 transporters, Almogavar's ghost, amateur GrEE
D:4 Grinder
D:5 1 transporter


Message History

You hit Grinder but do no damage.
Grinder is poisoned.
Grinder is moderately wounded.
Grinder hits you.
You writhe in agony.
Grinder barely misses you.
You puncture Grinder!
Grinder is heavily wounded.
Grinder hits you!
* * * LOW HITPOINT WARNING * * *
You feel better. Grinder barely misses you.
You puncture Grinder!
Grinder is severely wounded.
Grinder hits you.
You writhe in agony.
* * * LOW HITPOINT WARNING * * *
You puncture Grinder!
Grinder is almost dead.
Grinder gestures at you. You resist with almost no effort.
You barely miss Grinder.
Grinder is almost dead.
Grinder hits you!
You die...

............##.....#
.##.....##..##'#####
###.....##...#.....#
.............#.....#
.............#.....##
###'##..##..###.....#
###.##..###'#########
....#....'....#...#
....#....#....#.@5#
....#....#...##<.##########
##########...##..##..#....#
############'##..'........#
.............'...#........#
.............#...#........#
#'##..###..########.###...#
..##..###..########+###...#
.......#....#...#....'....#


You could see Grinder (poisoned).

Vanquished Creatures
  2 phantoms (D:4)
  An ogre (D:5)
  A hound (D:4)
  A centaur skeleton (D:4)
  An orc priest (D:4)
  A bullfrog skeleton (D:5)
  Ijyb (D:2)
  2 worker ants (D:4)
  A hound skeleton (D:4)
  A gnoll (D:1)
  7 adders
  A shadow imp (D:4)
  2 dart slugs
  3 leopard geckos (D:3)
  6 orcs (D:4)
  2 ball pythons
  6 bats
  5 giant cockroaches
  14 goblins
  9 hobgoblins
  4 jackals (D:1)
  6 kobolds
  3 quokkas
  6 frilled lizards
  A quokka zombie (D:4)
  8 rats
95 creatures vanquished.

Notes
Turn   | Place    | Note
-------+----------+-------------------------------------------
     0 | D:1      | Descartes the Deep Elf Wanderer began the quest for the
                  | Orb.
     0 | D:1      | Descartes set off with the following items: a +0 dagger, a
                  | scroll of teleportation, a +0 robe; and the following
                  | spells available to memorise: Freeze, Sting, Frozen
                  | Ramparts, Ozocubu's Armour, Ignite Poison, Hailstorm,
                  | Summon Ice Beast
     0 | D:1      | Reached XP level 1. HP: 10/10 MP: 10/10
     2 | D:1      | Learned a level 1 spell: Freeze
     4 | D:1      | Learned a level 1 spell: Sting
   209 | D:1      | Reached skill level 1 in Poison Magic
   483 | D:1      | Reached XP level 2. HP: 15/15 MP: 10/12
  1042 | D:1      | Reached XP level 3. HP: 19/19 MP: 11/13
  2155 | D:2      | Reached XP level 4. HP: 24/24 MP: 11/15
  2495 | D:2      | Noticed Ijyb
  2508 | D:2      | Learned a level 3 spell: Frozen Ramparts
  2512 | D:2      | Learned a level 3 spell: Mephitic Cloud
  2520 | D:2      | Killed Ijyb
  2524 | D:2      | Learned a level 2 spell: Blink
  2613 | D:2      | Learned a level 3 spell: Ignite Poison
  2617 | D:2      | Learned a level 3 spell: Ozocubu's Armour
  2648 | D:2      | Learned a level 1 spell: Magic Dart
  2804 | D:3      | Found a transporter.
  2860 | D:3      | Found a transporter.
  3016 | D:3      | Noticed a big kobold
  3018 | D:3      | Noticed an ancient zyme
  3060 | D:3      | Noticed Almogavar's ghost (amateur GrEE)
  3120 | D:3      | Reached XP level 5. HP: 26/28 MP: 13/16
  4174 | D:4      | Noticed a phantom
  4248 | D:4      | Reached skill level 1 in Conjurations
  4248 | D:4      | Reached skill level 1 in Translocations
  4248 | D:4      | Reached skill level 1 in Air Magic
  4882 | D:4      | Killed a phantom
  4883 | D:4      | Reached XP level 6. HP: 9/32 MP: 1/18
  5613 | D:4      | Reached skill level 5 in Ice Magic
  5752 | D:4      | Reached XP level 7. HP: 21/36 MP: 14/19
  6347 | D:5      | Entered Level 5 of the Dungeon
  6347 | D:5      | Found Kannimoe's Book Emporium.
  6351 | D:5      | Found a transporter.
  6829 | D:5      | Noticed Grinder
  6831 | D:5      | Got a polished rapier
  6840 | D:4      | Identified the +8 rapier of Oggeyx {venom, Dex+6} (You
                  | found it on level 5 of the Dungeon)
  6882 | D:4      | Slain by Grinder

Illustrated notes

Levels and vault maps discovered:
D:1:      dpeg_arrival_subterranean_lakeside_camping, layout_loops_corners
D:2:      kennysheep_the_goblin_king, layout_basic
D:3:      layout_basic, gammafunk_ghost_abyssal_escape
D:4:      layout_gridville
D:5:      layout_cave_pools, grunt_temple_overflow_open,
          gammafunk_ghost_stat_death, serial_shops, shop, uniq_pikel,
          uniq_grinder

Skill      XL: |  1  2  3  4  5  6 |
---------------+-------------------+-----
Poison Magic   | 1 2 3 4 |  4.5
Ice Magic      | 3 4 5 |  5.0
Conjurations   | 1 2 |  2.9
Translocations | 1 2 |  2.8
Air Magic      | 1 2 |  2.7
Stealth        | |  1.2
Shields        | |  1.0
Spellcasting   | |  7.2
Fire Magic     | |  1.1

Action                   |  1- 3 |  4- 6 |  7- 9 || total
-------------------------+-------+-------+-------++-------
Melee: Dagger            |    22 |    44 |    21 ||    87
       Rapier            |       |       |     7 ||     7
Throw: Dart              |       |     6 |       ||     6
       Boomerang         |       |     2 |     1 ||     3
 Cast: Freeze            |    52 |    72 |    13 ||   137
       Sting             |     3 |     3 |       ||     6
       Magic Dart        |       |    41 |     7 ||    48
       Frozen Ramparts   |       |     6 |       ||     6
       Blink             |       |     2 |       ||     2
  Use: Scroll            |       |     4 |     1 ||     5
       Potion            |       |       |     1 ||     1
 Stab: Sleeping          |     1 |     3 |     1 ||     5
Armor: Robe              |    18 |    23 |    10 ||    51
Dodge: Dodged            |    39 |    47 |    23 ||   109
